 Dungeon Crawl Stone Soup version 0.25-a0-528-g6b7c99946c (webtiles) character file.

Game seed: 13438059011772791553, levelgen mode: classic

3155685 EnegeticOcto the Champion of Chaos (level 22, 169/220 HPs)
             Began as a Deep Dwarf Fighter on Feb 19, 2020.
             Was the Champion of Makhleb.
             Escaped with the Orb
             ... and 3 runes!
             The game lasted 00:27:20 (22761 turns).

EnegeticOcto the Champion of Chaos (DDFi)          Turns: 22761, Time: 00:27:21

Health: 169/220    AC: 26    Str: 27    XL:     22   Next: 40%
Magic:  11/11      EV: 11    Int:  8    God:    Makhleb [******]
Gold:   1344       SH: 33    Dex: 12    Spells: 21/21 levels left

rFire    + + .     SeeInvis .   a - +6 broad axe (freeze)
rCold    + . .     Gourm    .   o - +10 tower shield of Ignorance {rN+ Int-4}
rNeg     + + +     Faith    .   P - +2 storm dragon scales
rPois    +         Spirit   .   L - +2 hat
rElec    +         Reflect  .   D - +0 cloak of Agrumov {rPois rF+}
rCorr    .         Harm     +   y - +2 pair of gloves
MR       +++++                  (no boots)
Stlth    ..........             p - amulet "Zoigoimao" {Harm *Drain rF+ rN++ MR+}
HPRegen  0.00/turn              d - ring of protection from cold
MPRegen  0.12/turn              w - ring of protection from magic

@: non-regenerating
A: damage resistance, heal wounds, horns 2, blurry vision 3, deterioration 1,
low mp 1, negative energy resistance 1, sense surroundings 3, no regeneration
0: Orb of Zot
}: 3/15 runes: barnacled, silver, gossamer
a: Heal Wounds, Minor Destruction, Lesser Servant of Makhleb, Major Destruction,
Greater Servant of Makhleb, Renounce Religion


You escaped.
You worshipped Makhleb.
Makhleb was exalted by your worship.
You were not hungry.

You visited 8 branches of the dungeon, and saw 43 of its levels.
You also visited: Gauntlet.

You collected 3675 gold pieces.
You spent 2331 gold pieces at shops.

Inventory:

Hand Weapons
 a - a +6 broad axe of freezing (weapon)
 h - a +4 broad axe of flaming
 T - a +0 broad axe of venom
Missiles
 g - 7 throwing nets (quivered)
Armour
 o - the +10 tower shield of Ignorance (worn) {rN+ Int-4}
   (You found it on level 1 of the Orcish Mines)

   It affects your intelligence (-4).
   It protects you from negative energy.
 y - a +2 pair of gloves (worn)
 C - the +9 plate armour of Vanity {+Blink}
   (You found it on level 5 of the Vaults)

   It lets you blink.
   If you switch to wearing this armour, your AC will increase by 7 (26 -> 33).
 D - the +0 cloak of Agrumov (worn) {rPois rF+}
   (You bought it in a shop on level 2 of the Orcish Mines)

   It protects you from fire.
   It protects you from poison.
   If you remove this armour, your AC will decrease by 2 (26 -> 24).
 L - a +2 hat (worn)
 P - +2 storm dragon scales (worn)
Jewellery
 d - a ring of protection from cold (left hand)
 p - the amulet "Zoigoimao" (around neck) {Harm *Drain rF+ rN++ MR+}
   (You bought it in a shop on level 11 of the Dungeon)

   [amulet of harm]

   It increases damage dealt and taken.
   It protects you from fire.
   It greatly protects you from negative energy.
   It affects your resistance to hostile enchantments.
   It causes draining when unequipped.
 u - an uncursed ring of protection from magic
 w - a ring of protection from magic (right hand)
Wands
 q - a wand of disintegration (25)
 r - a wand of clouds (13)
 x - a wand of flame (59)
 B - a wand of enslavement (18)
 E - a wand of acid (11) {@v1}
 F - a wand of iceblast (9)
 G - a wand of paralysis (16)
 S - a wand of digging (11) {@v2}
 Y - a wand of polymorph (12)
Scrolls
 c - 3 scrolls of blinking {@r3}
 f - 13 scrolls of teleportation {@r2}
 t - 13 scrolls of remove curse {@r6}
 J - a scroll of summoning
 N - 3 scrolls of noise
 O - a scroll of fear
Potions
 b - a potion of magic
 i - 5 potions of heal wounds {@q2}
 j - 6 potions of stabbing {@q5}
 k - 5 potions of might {@q3}
 l - 3 potions of brilliance
 m - 2 potions of resistance {@q6}
 n - 2 potions of haste {@q4}
 v - 5 potions of lignification {@q7}
 z - 5 potions of curing {@q1}
 A - a potion of cancellation
 H - 2 potions of ambrosia
 I - 3 potions of flight
 V - 2 potions of mutation
 W - 2 potions of berserk rage
Comestibles
 e - 43 rations


   Skills:
 * Level 18.0 Fighting
 * Level 20.7 Axes
 + Level 15.6 Armour
 - Level 6.7 Dodging
 * Level 19.9 Shields
 * Level 21.6 Invocations


You had 21 spell levels left.
You didn't know any spells.
Your spell library was empty.

Dungeon Overview and Level Annotations

Branches:
Dungeon (15/15)            Temple (0/1) D:6            Lair (3/6) D:8
 Shoals (4/4) Lair:3       Spider (4/4) Lair:3          Orc (2/2) D:10
    Elf (0/3) Orc:2        Vaults (5/5) D:13         Depths (5/5) D:15
    Zot (5/5) Depths:5    Gauntlet (visited)
  Crypt: Vaults:2-3

Altars:
Gozag
Kikubaaqudgha
Makhleb

Shops:
D:11 %=*(   D:13 ?(*=   Orc:2 (*(:   Shoals:4 *   Vaults:1 (   Depths:3 }

Portals:
Ziggurat: Depths:3

Annotations:
D:6 2 transporters, LostGamesStreakFreak's ghost, novice DsMo
Lair:1 exclusion: oklob plant
Orc:1 1 runed translucent door, exclusion: orange crystal statue
Vaults:1 8 runed translucent doors, Pyagrit's ghost, adept OgMo
Depths:4 exclusion: orange crystal statue


Innate Abilities, Weirdness & Mutations

You are resistant to damage.
You can heal yourself by infusing magical energy.
You resist negative energy. (rN+)
You passively map a large area around you.
You do not regenerate.
You have a pair of horns on your head.
Scrolls take you much longer to read.
Your body sometimes deteriorates upon taking damage.
Your magical capacity is low. (-10% MP)


Message History

(U) Depths (Z) Zot
Where to? (Enter - D:1 @ (x,y), ? - help)
You see here 2 stones.
Items here: )))) a +0 dagger x2; a +1 short sword of distortion; a +0 short sword
There is a stone staircase leading up here.
You see here a potion of degeneration.
You climb upwards.
There is a stone staircase leading down here.
There is a stone staircase leading up here.
You climb upwards.
There is a stone staircase leading down here.
There is a stone staircase leading up here.
You climb upwards.
There is a stone staircase leading down here.
There is a stone staircase leading up here.
You climb upwards.
Level annotation: 2 transporters, LostGamesStreakFreak's ghost, novice DsMo
There is a stone staircase leading down here.
A great orb of eyes comes into view.
Unknown command.
There is a stone staircase leading up here.
You climb upwards.
There is a stone staircase leading down here.
(D) Dungeon (T) Temple (L) Lair (A) Shoals (N) Spider Nest (O) Orcish Mines (E) Elven Halls (V) Vaults (U) Depths (Z) Zot
Where to? (Enter - D:1 @ (x,y), ? - help)
There is a stone staircase leading up here.
You climb upwards. 2 red devils, a balrug and a sun demon come into view.
The balrug is wielding a +2 demon whip of freezing.
A red devil is wielding a +1 demon trident of venom.
There is a stone staircase leading down here.
You block the red devil's attack. You block the red devil's attack.
The balrug gestures at you. Something smites you! The balrug gestures at you.
Something smites you! The balrug gestures at you. Something smites you!
There is a stone staircase leading up here.
You climb upwards.
There is a stone staircase leading down here.
(D) Dungeon (T) Temple (L) Lair (A) Shoals (N) Spider Nest (O) Orcish Mines (E) Elven Halls (V) Vaults (U) Depths (Z) Zot
Where to? (Enter - D:1 @ (x,y), ? - help)
A large abomination comes into view.
You block the large abomination's attack.
You see here 30 stones.
You slash the large abomination! You freeze the large abomination.
You headbutt the large abomination.
The large abomination is moderately damaged.
You slice the large abomination!! You freeze the large abomination.
You destroy the large abomination!
Makhleb accepts your kill.
You feel better.
No target in view!
No target in view!
No target in view!
No target in view!
No target in view!
No target in view!
No target in view!
(D) Dungeon (T) Temple (L) Lair (A) Shoals (N) Spider Nest (O) Orcish Mines (E) Elven Halls (V) Vaults (U) Depths (Z) Zot
Where to? (Enter - D:1 @ (x,y), ? - help)
A sixfirhy comes into view.
The sixfirhy moves out of view.
You hear a grinding noise.
Some rock shatters into small pieces.
A sixfirhy and a cacodemon come into view.
The cacodemon gestures next to you.
Some rock shatters into small pieces.
You block the sixfirhy's attack. x3; The sixfirhy hits you.
The sixfirhy shocks you. You resist.
You block the sixfirhy's attack. x2; Some rock shatters into small pieces.
You block the sixfirhy's attack. x2; The sixfirhy hits you!
The sixfirhy shocks you. You resist.
The cacodemon gestures next to the sixfirhy.
Some rock shatters into small pieces.
The sixfirhy hits you. The sixfirhy shocks you. You resist.
You block the sixfirhy's attack.
There is a stone staircase leading up, spattered with blood here.
You climb upwards.
There is a stone staircase leading down here.
(D) Dungeon (T) Temple (L) Lair (A) Shoals (N) Spider Nest (O) Orcish Mines (E) Elven Halls (V) Vaults (U) Depths (Z) Zot
Where to? (Enter - D:1 @ (x,y), ? - help)
There is a stone staircase leading up here.
You climb upwards.
There is a stone staircase leading down here.
You see here a +0 dagger.
You see here a +0 club.
There is an open door here.
There is a staircase leading out of the dungeon here.
You have escaped!

#.########....#...# ,
#>................# , ,
* #.#...########..#.....
#.#...# #.)#,##.. ,
#.##### #(.#.#,* ,, ,
#.# ###..#.# * ,, #.#
###.##...# #.#
#P≈.♣#)#.# * ** #.#
#P≈@.'.#... * #.#
#P≈.♣#.######.# * #.####
###.##........#
#....#########.......###
*
#....).....(((..........
,
##...#.....###.......###
#...#...(.# #.......#
#...#.)..># ######### ,
#...#.....# * ,


There were no monsters in sight!

Vanquished Creatures
  3 orbs of fire (Zot:5)
  An ancient lich (Zot:5)
  Mara (Depths:4)
  Bai Suzhen (Depths:3)
  Saint Roka (Vaults:5)
  A Killer Klown (Zot:5)
  A curse toe (Zot:2)
  5 golden dragons
  An electric golem (Zot:5)
  6 tentacled monstrosities
  20 Orb Guardians
  A titan (Vaults:5)
  A quicksilver dragon (Vaults:5)
  Gastronok (Lair:3)
  2 death cobs
  2 sphinxes
  2 draconian monks
  6 shadow dragons
  6 storm dragons
  5 tengu reavers
  2 frost giants (Vaults:5)
  4 large abominations
  A draconian scorcher (Depths:5)
  An iron dragon (Vaults:5)
  2 ghost moths
  2 draconian shifters (Zot:2)
  A draconian stormcaller (Zot:1)
  20 vault wardens
  3 draconian annihilators (Zot:2)
  9 ironheart preservers
  2 emperor scorpions
  9 very ugly things
  9 stone giants
  3 war gargoyles (Vaults:5)
  A vampire knight (Depths:1)
  6 green draconians
  Nessos (D:12)
  4 black draconians
  4 purple draconians (Zot:2)
  4 red draconians
  4 yellow draconians
  9 white draconians
  A minotaur (Gauntlet)
  2 deep elf annihilators (Vaults:5)
  4 small abominations (Vaults:5)
  An ettin (shapeshifter) (Vaults:5)
  9 ettins
  7 fire dragons
  5 ice dragons
  2 merfolk impalers
  9 yaktaur captains
  Harold (Lair:2)
  A deep elf high priest (Vaults:5)
  An ice dragon (shapeshifter) (Vaults:5)
  3 hydras
  7 great orbs of eyes
  2 rakshasas
  31 vault guards
  3 spriggan air magi
  6 centaur warriors
  3 death knights
  A catoblepas (D:12)
  13 ogre magi
  2 deep troll shamans
  28 two-headed ogres
  2 deep troll earth magi
  A hell hog (D:11)
  A tengu warrior (Depths:4)
  2 spriggan berserkers
  A soul eater (Gauntlet)
  Sonja (Orc:2)
  4 deep elf knights
  A hell knight (Vaults:2)
  2 iron trolls (Depths:4)
  2 shadow wraiths
  A sixfirhy (D:12)
  2 wizards (Gauntlet)
  8 skeletal warriors
  4 unseen horrors
  4 flayed ghosts
  13 deep trolls
  5 sea snakes
  5 phantasmal warriors
  8 ironbrand convokers
  A lindwurm (shapeshifter) (Depths:3)
  3 deep elf archers
  2 tengu zombies (Depths:1)
  5 harpies
  28 ugly things
  3 necromancers
  3 orb spiders (Spider:4)
  19 wolf spiders
  8 orc knights
  10 manticores
  4 orc sorcerers (Orc:2)
  A sphinx skeleton (D:15)
  6 deep elf magi
  5 merfolk sirens
  2 frost giant zombies
  A faun (shapeshifter) (Vaults:5)
  14 moths of wrath
  Maurice (Orc:2)
  11 cyclopes
  An elephant (shapeshifter) (Vaults:5)
  2 centaur zombies
  A moth of wrath (shapeshifter) (Vaults:5)
  6 vault sentinels
  3 water nymphs
  A guardian serpent (shapeshifter) (Vaults:5)
  7 gargoyles
  A stone giant skeleton (D:15)
  A torpor snail (Lair:1)
  3 spiny frogs
  5 kobold demonologists
  40 yaktaurs
  A yaktaur (shapeshifter) (Depths:1)
  A rime drake (Lair:2)
  3 freezing wraiths
  A yaktaur zombie (Depths:1)
  6 demonic crawlers
  16 jumping spiders
  A polar bear (shapeshifter) (Depths:2)
  2 tengu conjurers
  8 trolls
  3 meliai (D:14)
  A merfolk (shapeshifter) (Vaults:5)
  10 merfolk
  A fire dragon zombie (D:15)
  A troll (shapeshifter) (Vaults:2)
  2 wind drakes
  A dream sheep (shapeshifter) (Vaults:1)
  A raiju (Depths:2)
  8 hornets
  3 dream sheep (Shoals:3)
  12 hippogriffs
  17 slime creatures
  4 snapping turtles
  2 hippogriffs (shapeshifter)
  2 spriggans (Depths:5)
  4 wyverns
  33 redbacks
  23 yaks
  A vampire (D:14)
  2 water elementals (Shoals:4)
  A hog (shapeshifter) (Vaults:1)
  13 tarantellas
  2 shadows
  A wraith (Depths:2)
  Grum (D:10)
  4 basilisks
  Eustachio (D:4)
  A basilisk (shapeshifter) (Vaults:1)
  2 steam dragons (D:7)
  A human simulacrum (Vaults:1)
  6 hungry ghosts
  2 acid dragons
  10 wargs
  5 water moccasins
  9 hell hounds (Depths:2)
  8 porcupines
  Duvessa (D:5)
  21 orc warriors
  A human zombie (Vaults:1)
  5 ice beasts
  An eye of draining (shapeshifter) (D:13)
  A hornet zombie (D:13)
  2 black bears
  2 sky beasts
  6 phantoms
  2 eyes of draining
  31 ogres
  15 wolves
  4 crocodiles
  11 centaurs
  5 big kobolds (D:10)
  8 bullfrogs
  A glowing shapeshifter simulacrum (Vaults:2)
  7 earth elementals (D:12)
  A wyvern skeleton (D:10)
  A human skeleton (Vaults:1)
  Dowan (D:5)
  A water moccasin zombie (D:8)
  5 scorpions
  13 killer bees
  9 wights
  4 howler monkeys
  5 crimson imps
  3 bullfrog zombies
  3 bullfrog skeletons
  17 orc priests
  10 hounds
  5 jellies
  25 orc wizards
  4 centaur skeletons
  Ijyb (D:5)
  4 iguanas
  9 worker ants
  A hound skeleton (D:5)
  2 worker ant zombies
  Robin (D:4)
  8 gnolls
  11 adders
  8 shadow imps
  2 white imps (Gauntlet)
  3 adder zombies
  A worm (D:2)
  2 leopard geckos
  69 orcs
  2 giant cockroaches
  15 goblins
  6 hobgoblins
  16 jackals
  38 kobolds
  3 quokkas
  3 ball pythons
  2 bats
  A frilled lizard (D:2)
  12 kobold skeletons (D:10)
  6 kobold zombies (D:10)
  3 rats
  2 crawling corpses (Vaults:5)
  4 fungi
1278 creatures vanquished.

Vanquished Creatures (collateral kills)
  A golden dragon (Vaults:5)
  An Orb Guardian (Zot:5)
  A tentacled monstrosity (Vaults:5)
  A sphinx (Vaults:5)
  3 frost giants
  2 ghost moths (Spider:4)
  An emperor scorpion (Spider:4)
  A vault warden (Vaults:5)
  A draconian shifter (Zot:2)
  A draconian annihilator (Zot:2)
  A war gargoyle (Vaults:5)
  A deep elf elementalist (Vaults:5)
  A yellow draconian (Zot:2)
  A white draconian (Zot:2)
  5 merfolk javelineers (Shoals:4)
  A spark wasp (Spider:4)
  2 ettins (Vaults:5)
  A deep elf death mage (Vaults:5)
  A merfolk impaler (Shoals:4)
  6 vault guards
  A merfolk aquamancer (Shoals:4)
  An orc high priest (Orc:2)
  A sea snake (Shoals:4)
  A harpy (Vaults:5)
  A deep elf mage (D:13)
  8 orb spiders
  10 wolf spiders
  2 orc sorcerers (Orc:2)
  A cyclops (D:12)
  A manticore (Shoals:4)
  A kobold demonologist (D:13)
  2 demonic crawlers (Spider:1)
  A wind drake (Shoals:4)
  9 merfolk (Shoals:4)
  7 jumping spiders
  4 hornets
  A meliai zombie (D:13)
  A snapping turtle (Shoals:4)
  5 tarantellas
  17 redbacks
  A yak (D:13)
  A warg (Vaults:5)
  An ice beast (D:13)
  5 orc warriors
  A centaur (Shoals:4)
  2 bullfrogs (D:13)
  A bullfrog zombie (D:13)
  7 orc priests
  7 orc wizards (Orc:2)
  3 orcs
137 creatures vanquished.

Vanquished Creatures (others)
  A yaktaur (Depths:1)
  An orc wizard (Vaults:2)
  5 demonic plants (Gauntlet)
  A fungus (D:8)
  4 plants (D:8)
12 creatures vanquished.

Grand Total: 1427 creatures vanquished

Notes
Turn   | Place    | Note
-------+----------+-------------------------------------------
     0 | D:1      | EnegeticOcto the Deep Dwarf Fighter began the quest for the
                  | Orb.
     0 | D:1      | Reached XP level 1. HP: 20/20 MP: 1/1
    82 | D:1      | Reached XP level 2. HP: 24/27 MP: 2/2
   111 | D:2      | Reached skill level 1 in Dodging
   111 | D:2      | Reached XP level 3. HP: 29/34 MP: 3/3
   291 | D:3      | Found a burning altar of Makhleb.
   326 | D:3      | Became a worshipper of Makhleb the Destroyer
   333 | D:3      | Reached XP level 4. HP: 26/42 MP: 4/4
   343 | D:3      | Reached skill level 1 in Invocations
   384 | D:3      | You fall into a shaft and drop 2 floors!
   384 | D:5      | Entered Level 5 of the Dungeon
   454 | D:4      | Reached XP level 5. HP: 29/49 MP: 4/4
   504 | D:4      | Noticed an ice beast
   519 | D:4      | Killed an ice beast
   756 | D:3      | Noticed a hippogriff
   766 | D:3      | Reached XP level 6. HP: 49/57 MP: 6/6
   767 | D:3      | Killed a hippogriff
   767 | D:3      | Reached skill level 2 in Invocations
   856 | D:3      | Reached * piety under Makhleb
   989 | D:4      | Noticed Robin
  1007 | D:4      | Reached XP level 7. HP: 52/66 MP: 6/6
  1011 | D:4      | Killed Robin
  1108 | D:4      | Noticed Eustachio
  1135 | D:4      | Killed Eustachio
  1135 | D:4      | Reached skill level 5 in Axes
  1135 | D:4      | Reached skill level 3 in Invocations
  1236 | D:4      | Reached skill level 5 in Fighting
  1267 | D:4      | Reached XP level 8. HP: 56/74 MP: 8/8
  1268 | D:4      | Reached ** piety under Makhleb
  1488 | D:4      | Reached skill level 5 in Armour
  1671 | D:5      | Noticed Duvessa
  1671 | D:5      | Noticed Dowan
  1683 | D:5      | Killed Duvessa
  1683 | D:5      | Reached skill level 5 in Shields
  1688 | D:5      | Killed Dowan
  1688 | D:5      | Reached skill level 4 in Invocations
  2168 | D:5      | Noticed Ijyb
  2176 | D:5      | Killed Ijyb
  2462 | D:6      | Gained mutation: You passively map the area around you.
                  | [Deep Dwarf growth]
  2462 | D:6      | Reached XP level 9. HP: 69/82 MP: 9/9
  2582 | D:6      | Found a staircase to the Ecumenical Temple.
  2645 | D:6      | Noticed a toenail golem
  2670 | D:6      | Found a transporter.
  2676 | D:6      | Found a transporter.
  2685 | D:6      | Reached skill level 5 in Invocations
  2716 | D:6      | Noticed LostGamesStreakFreak's ghost (novice DsMo)
  2987 | D:7      | Reached *** piety under Makhleb
  3798 | D:8      | Found a staircase to the Lair.
  3828 | D:8      | Reached skill level 5 in Dodging
  3832 | D:8      | Reached skill level 6 in Invocations
  3870 | D:8      | Reached XP level 10. HP: 50/94 MP: 10/10
  4249 | D:8      | Noticed a gargoyle
  4260 | D:8      | Killed a gargoyle
  4260 | D:8      | Reached **** piety under Makhleb
  4273 | D:8      | Noticed a gargoyle
  4279 | D:8      | Killed a gargoyle
  4288 | D:8      | Noticed a gargoyle
  4298 | D:8      | Killed a gargoyle
  4304 | D:8      | Noticed a gargoyle
  4324 | D:8      | Killed a gargoyle
  4324 | D:8      | Reached skill level 7 in Invocations
  4331 | D:8      | Noticed a gargoyle
  4342 | D:8      | Killed a gargoyle
  4351 | D:8      | Noticed a gargoyle
  4356 | D:8      | Killed a gargoyle
  4833 | D:9      | Reached XP level 11. HP: 83/104 MP: 8/8
  5290 | D:10     | Entered Level 10 of the Dungeon
  5293 | D:10     | Gained mutation: You have a pair of small horns on your
                  | head. [potion of mutation]
  5296 | D:10     | Found a staircase to the Orcish Mines.
  5313 | D:10     | Reached skill level 10 in Axes
  5340 | Orc:1    | Entered Level 1 of the Orcish Mines
  5587 | Orc:1    | Found a burning altar of Makhleb.
  5695 | Orc:1    | Reached ***** piety under Makhleb
  5765 | Orc:1    | Found a runed translucent door.
  5782 | Orc:1    | Found a runed translucent door.
  5788 | Orc:1    | Found the +10 tower shield of Ignorance {rN+ Int-4}
  5812 | Orc:1    | Noticed an orange crystal statue
  6025 | D:10     | Reached skill level 8 in Invocations
  6182 | D:10     | Noticed a deep elf mage
  6190 | D:10     | Killed a deep elf mage
  6361 | D:10     | Noticed a soul eater
  6362 | D:10     | Noticed a sixfirhy
  6539 | D:10     | Identified the cursed +0 ring mail of Awe {rC+ Regen+
                  | Str+4}
  6805 | D:10     | Noticed Grum
  6829 | D:10     | Killed Grum
  6868 | D:10     | Found an ancient bone altar of Kikubaaqudgha.
  7020 | D:11     | Found Giahinu's Assorted Antiques.
  7023 | D:11     | Bought a polished plate armour for 1092 gold pieces
  7033 | D:11     | Identified the +0 plate armour "Ihaorch" {*Slow Str+7
                  | Dex-5} (You bought it in a shop on level 11 of the Dungeon)
  7265 | D:11     | Noticed a two-headed ogre
  7271 | D:11     | Killed a two-headed ogre
  7447 | D:11     | Found Xotef's Food Shop.
  7590 | D:11     | Found Piumoh's Jewellery Shop.
  7748 | D:11     | Found Wagedom's Antique Weapon Emporium.
  7817 | D:11     | Reached ****** piety under Makhleb
  7887 | D:12     | Reached XP level 12. HP: 98/115 MP: 10/10
  7953 | D:12     | Noticed a catoblepas
  8258 | D:12     | Killed a catoblepas
  8258 | D:12     | Reached skill level 9 in Invocations
  8344 | D:11     | Bought a transparent pewter amulet for 195 gold pieces
  8344 | D:11     | Identified the amulet "Zoigoimao" {Harm *Drain rF+ rN++
                  | MR+} (You bought it in a shop on level 11 of the Dungeon)
  8625 | D:12     | Noticed Nessos
  8633 | D:12     | Reached skill level 10 in Fighting
  8658 | D:12     | Killed Nessos
  9075 | D:13     | Found Famurem's Weapon Shoppe.
  9095 | D:13     | Found a gate leading to a gauntlet.
  9115 | Gauntlet | Entered a Gauntlet
  9115 | Gauntlet | Found a transporter.
  9126 | Gauntlet | Found a transporter.
  9141 | Gauntlet | Found a transporter.
  9146 | Gauntlet | Found a transporter.
  9161 | Gauntlet | Found a transporter.
  9180 | Gauntlet | Found a transporter.
  9192 | Gauntlet | Found a transporter.
  9204 | Gauntlet | Found a transporter.
  9216 | Gauntlet | Found a transporter.
  9228 | Gauntlet | Found a transporter.
  9234 | Gauntlet | Found a transporter.
  9271 | Gauntlet | Found a transporter.
  9273 | Gauntlet | Found a transporter.
  9274 | Gauntlet | Noticed a catoblepas
  9298 | Gauntlet | Found a transporter.
  9300 | Gauntlet | Found a transporter.
  9320 | Gauntlet | Found a transporter.
  9398 | Gauntlet | Found a transporter.
  9422 | Gauntlet | Found a transporter.
  9554 | Gauntlet | Reached skill level 10 in Shields
  9687 | Gauntlet | Noticed a minotaur
  9697 | Gauntlet | Killed a minotaur
  9717 | Gauntlet | Got a dazzling scale mail
  9720 | D:13     | Identified the cursed +0 scale mail of the Ladybird {MR+}
                  | (You found it in a Gauntlet)
  9802 | D:13     | Found Nimurpha's Magic Scroll Emporium.
  9937 | D:13     | Found a gate to the Vaults.
  9937 | D:13     | Noticed a six-headed hydra
  9937 | D:13     | Noticed a vault guard
  9937 | D:13     | Noticed a vault guard
  9937 | D:13     | Noticed a vault guard
  9937 | D:13     | Noticed a vault guard
  9943 | D:13     | Killed a vault guard
  9943 | D:13     | Reached skill level 10 in Invocations
  9944 | D:13     | Killed a six-headed hydra
  9944 | D:13     | Reached XP level 13. HP: 69/124 MP: 3/8
 10036 | D:13     | Found Petum's Jewellery Shoppe.
 10111 | D:13     | Found Liucypt's Assorted Antiques.
 10126 | D:13     | Bought a scroll labeled ZAUCLU VAPTAS for 31 gold pieces
 10622 | Orc:2    | Entered Level 2 of the Orcish Mines
 10629 | Orc:2    | Noticed Sonja
 10653 | Orc:2    | Killed Sonja
 10925 | D:13     | Bought a scroll of brand weapon for 300 gold pieces
 11648 | D:15     | Entered Level 15 of the Dungeon
 11657 | D:15     | Reached skill level 10 in Armour
 11726 | D:15     | Reached skill level 11 in Invocations
 11780 | D:15     | Gained mutation: You resist negative energy. (rN+) [Deep
                  | Dwarf growth]
 11780 | D:15     | Reached XP level 14. HP: 126/136 MP: 10/10
 11816 | D:15     | Found an opulent altar of Gozag.
 12031 | D:15     | Found a staircase to the Depths.
 12089 | D:15     | Got a vibrating tin amulet
 12143 | D:15     | Identified the amulet of Cyxzeis {RegenMP rElec rPois rC+}
                  | (You found it on level 15 of the Dungeon)
 12416 | Orc:2    | Noticed Maurice
 12433 | Orc:2    | Killed Maurice
 12527 | Orc:2    | Found a staircase to the Elven Halls.
 12593 | Orc:2    | Found Zemymi's Book Emporium.
 12593 | Orc:2    | Found Cumomooh's Assorted Antiques.
 12594 | Orc:2    | Found Fozull's Weapon Shoppe.
 12629 | Orc:2    | Found Vaoligao's Antique Weapon Emporium.
 12642 | Orc:2    | Bought a scorched cloak for 323 gold pieces
 12642 | Orc:2    | Identified the +0 cloak of Agrumov {rPois rF+} (You bought
                  | it in a shop on level 2 of the Orcish Mines)
 12763 | Lair:1   | Entered Level 1 of the Lair of Beasts
 13276 | Lair:2   | Noticed Harold
 13285 | Lair:2   | Killed Harold
 13748 | Lair:3   | Found a hole to the Spider Nest.
 13833 | Lair:3   | Noticed Gastronok
 13849 | Lair:3   | Killed Gastronok
 13849 | Lair:3   | Reached skill level 12 in Invocations
 14128 | Lair:3   | Found a staircase to the Shoals.
 14158 | Shoals:1 | Entered Level 1 of the Shoals
 14481 | Shoals:3 | Reached XP level 15. HP: 146/146 MP: 9/9
 14601 | Shoals:4 | Entered Level 4 of the Shoals
 14693 | Shoals:4 | Noticed a frost giant
 14702 | Shoals:4 | Killed a frost giant
 14702 | Shoals:4 | Reached skill level 13 in Invocations
 14733 | Shoals:4 | Got a barnacled rune of Zot
 14745 | Shoals:4 | Found Bottam's General Store.
 14756 | Shoals:4 | Bought a scroll of summoning for 190 gold pieces
 14756 | Shoals:4 | Bought a potion of haste for 200 gold pieces
 14852 | Spider:1 | Entered Level 1 of the Spider Nest
 14913 | Spider:1 | Identified a scroll of acquirement
 14913 | Spider:1 | Identified the ring of Zastoine {+Fly rN+} (You acquired it
                  | on level 1 of the Spider Nest)
 14955 | Spider:1 | Reached skill level 15 in Axes
 15433 | Spider:4 | Entered Level 4 of the Spider Nest
 15682 | Spider:4 | Reached skill level 14 in Invocations
 15710 | Spider:4 | Killed a ghost moth
 15737 | Spider:4 | Reached XP level 16. HP: 153/157 MP: 3/9
 15795 | Spider:4 | Got a gossamer rune of Zot
 16295 | Vaults:1 | Entered Level 1 of the Vaults
 16481 | Vaults:1 | Identified the +0 kite shield "Qesoj" {rElec rF- Dex+5}
                  | (You acquired it on level 1 of the Vaults)
 16481 | Vaults:1 | Identified the ring "Sowkokk" {+Fly Int+3} (You acquired it
                  | on level 1 of the Vaults)
 16496 | Vaults:1 | Found a large runed translucent door.
 16496 | Vaults:1 | Found a large runed translucent door.
 16496 | Vaults:1 | Found a large runed translucent door.
 16496 | Vaults:1 | Found a large runed translucent door.
 16496 | Vaults:1 | Found a large runed translucent door.
 16496 | Vaults:1 | Found a large runed translucent door.
 16496 | Vaults:1 | Found a large runed translucent door.
 16496 | Vaults:1 | Found a large runed translucent door.
 16496 | Vaults:1 | Noticed Pyagrit's ghost (adept OgMo)
 16639 | Vaults:1 | Found Zoruycon's Antique Weapon Shop.
 16963 | Vaults:1 | Reached skill level 15 in Invocations
 17132 | Vaults:1 | Reached skill level 15 in Shields
 17342 | Vaults:2 | Noticed a sphinx
 17357 | Vaults:2 | Reached XP level 17. HP: 166/166 MP: 11/11
 17640 | Vaults:2 | Reached skill level 16 in Invocations
 17939 | Vaults:4 | Identified the +3 chain mail of the Valley of Death {Int+5}
                  | (You found it on level 4 of the Vaults)
 18251 | Vaults:4 | Gained mutation: You passively map a large area around you.
                  | [Deep Dwarf growth]
 18251 | Vaults:4 | Reached XP level 18. HP: 125/177 MP: 13/13
 18284 | Vaults:5 | Entered Level 5 of the Vaults
 18296 | Vaults:5 | Reached skill level 15 in Fighting
 18327 | Vaults:5 | Reached skill level 17 in Invocations
 18385 | Vaults:5 | Noticed a tentacled monstrosity
 18392 | Vaults:5 | Killed a tentacled monstrosity
 18443 | Vaults:5 | Noticed Saint Roka
 18474 | Vaults:5 | Killed Saint Roka
 18480 | Vaults:5 | Noticed a golden dragon
 18486 | Vaults:5 | Noticed a tentacled monstrosity
 18491 | Vaults:5 | Killed a golden dragon
 18494 | Vaults:5 | Killed a tentacled monstrosity
 18498 | Vaults:5 | Found the ring of Shadows {Umbra +Inv Stlth+}
 18613 | Vaults:5 | Reached skill level 18 in Invocations
 18648 | Vaults:5 | Reached XP level 19. HP: 161/187 MP: 11/13
 19487 | Vaults:5 | Got a coiled copper amulet
 19490 | Vaults:5 | Identified the +9 plate armour of Vanity {+Blink} (You
                  | found it on level 5 of the Vaults)
 19634 | Vaults:5 | Identified the cursed +1 plate armour of Trumpets {rC+ MP+9
                  | Dex+4} (You found it on level 5 of the Vaults)
 19670 | Vaults:5 | Got a silver rune of Zot
 19841 | Vaults:5 | Got a blackened chain mail
 19852 | Vaults:5 | Identified the +1 chain mail of Follow the Leader {rCorr}
                  | (You found it on level 5 of the Vaults)
 20210 | Depths:1 | Entered Level 1 of the Depths
 20251 | Depths:1 | Reached skill level 19 in Invocations
 20426 | Depths:3 | Found a gateway to a ziggurat.
 20428 | Depths:3 | Noticed Bai Suzhen
 20440 | Depths:3 | Killed Bai Suzhen
 20440 | Depths:3 | Reached XP level 20. HP: 199/199 MP: 13/13
 20463 | Depths:3 | You fall into a shaft and drop 1 floor!
 20523 | Depths:4 | Noticed Mara
 20540 | Depths:4 | Killed Mara
 20869 | Depths:3 | Found Juroc's Gadget Shop.
 20945 | Depths:5 | Entered Level 5 of the Depths
 21059 | Depths:5 | Found a gate to the Realm of Zot.
 21059 | Depths:5 | Noticed a golden dragon
 21059 | Depths:5 | Noticed a golden dragon
 21064 | Depths:5 | Killed a golden dragon
 21076 | Depths:5 | Killed a golden dragon
 21076 | Depths:5 | Reached skill level 20 in Invocations
 21086 | Zot:1    | Entered Level 1 of the Realm of Zot
 21190 | Zot:1    | You fall into a shaft and drop 1 floor!
 21219 | Zot:2    | Reached XP level 21. HP: 157/208 MP: 14/14
 21242 | Zot:2    | Noticed a curse toe
 21284 | Zot:2    | Killed a curse toe
 21330 | Zot:2    | Noticed a golden dragon
 21332 | Zot:2    | Noticed a golden dragon
 21340 | Zot:2    | Killed a golden dragon
 21349 | Zot:2    | Killed a golden dragon
 21413 | Zot:1    | Reached skill level 15 in Armour
 21696 | Zot:5    | Entered Level 5 of the Realm of Zot
 21747 | Zot:5    | Noticed a golden dragon
 21758 | Zot:5    | Killed a golden dragon
 21770 | Zot:5    | Reached skill level 21 in Invocations
 21783 | Zot:5    | Noticed an ancient lich
 21790 | Zot:5    | Killed an ancient lich
 22066 | Zot:5    | Noticed a Killer Klown
 22067 | Zot:5    | Noticed an orb of fire
 22067 | Zot:5    | Gained mutation: Scrolls take you a little longer to read.
                  | [an orb of fire]
 22078 | Zot:5    | Gained mutation: Scrolls take you longer to read. [an orb
                  | of fire]
 22083 | Zot:5    | Gained mutation: Your magical capacity is low. (-10% MP)
                  | [an orb of fire]
 22090 | Zot:5    | Killed a Killer Klown
 22092 | Zot:5    | Killed an orb of fire
 22093 | Zot:5    | Noticed an orb of fire
 22096 | Zot:5    | Reached XP level 22. HP: 219/219 MP: 0/10
 22102 | Zot:5    | Gained mutation: Your body sometimes deteriorates upon
                  | taking damage. [an orb of fire]
 22109 | Zot:5    | Killed an orb of fire
 22109 | Zot:5    | Noticed an orb of fire
 22115 | Zot:5    | Gained mutation: Scrolls take you much longer to read. [an
                  | orb of fire]
 22117 | Zot:5    | Gained mutation: You have a pair of horns on your head. [an
                  | orb of fire]
 22119 | Zot:5    | Killed an orb of fire
 22228 | Zot:5    | Got the Orb of Zot
 22761 | D:$      | Escaped with the Orb!

Levels and vault maps discovered:
D:1:      tarquinn_simple_flora_water_e, layout_basic, lexackson_kobold_supper
D:2:      minmay_wonky_spiral, layout_basic, first_ration,
          chequers_ecumenical_altar_simple_redux, minmay_small_reverse_x
D:3:      layout_basic, lemuel_crystal_altar
D:4:      layout_loops_cross, minmay_between, uniq_robin, uniq_eustachio
D:5:      layout_loops_ring, uniq_duvessa, uniq_ijyb
D:6:      layout_cave_pools, minmay_temple_entry_glassed_door,
          gammafunk_ghost_abyssal_escape
D:7:      kennysheep_steamy, layout_basic, grunt_ogre_cave
D:8:      cheibrodos_statue_roulette, layout_loops_ring, minmay_lair_entry_grove
D:9:      layout_cave_pools
D:10:     wander_kiku_kobolds, layout_basic, david_orc_3, uniq_grum
D:11:     layout_long_grid, serial_shops, shop, shop, kennysheep_little_box,
          shop, roderic_lattice_a
D:12:     layout_basic, serial_glass, glass_columns_b, glass_columns_b,
          hangedman_cracks_in_the_wall, uniq_nessos
D:13:     layout_loops_ring, lightli_vaults_fourway_checkpoint, serial_shops,
          nicolae_shop_competitors_out_of_business, nicolae_shop_crystal,
          nicolae_shop_statue_plus, nicolae_shop_overgrown_old_shop,
          gauntlet_entry_generic
D:14:     layout_gridville
D:15:     gammafunk_depths_entry_grave, layout_gridville,
          hangedman_decor_points, nicolae_gozag_cash_rules_everything_around_me
Lair:1:   layout_chaotic_city, minmay_lair_oklob_items, kennysheep_snail_temple,
          lemuel_fruit_tree, grunt_megastairs_5
Lair:2:   layout_regular_city, uniq_harold
Lair:3:   layout_hall_layers, shoals_dummy_entry, spider_nest_entry_rubble,
          ldierk_geyser, uniq_gastronok
Shoals:1: layout_shoals
Shoals:2: layout_shoals, nicolae_shoals_drake_roost, uniq_polyphemus
Shoals:3: layout_shoals, uniq_nikola
Shoals:4: shoals_end_grunt_ice, layout_shoals, serial_shops, shop
Spider:1: layout_spider_delve
Spider:2: layout_spider_delve, hangedman_spider_mandibles, hive_lemuel,
          nicolae_spider_cling_halls
Spider:3: layout_chambers, spiders_nest_ghost_moth_duel, uniq_louise
Spider:4: grunt_spider_rune_parallel
Orc:1:    layout_diamond_mine, basic_altar, chequers_guarded_unrand_ignorance
Orc:2:    st_orc_mages, layout_diamond_mine, rock_pile, uniq_maurice, uniq_sonja
Vaults:1: advil_vaults_ghost_lines, nicolae_vaults_inception_corners,
          hangedman_vaults_stitches, nicolae_vaults_border_crossing,
          v_alt_pattern_5, v_misc_5, v_misc_30, ontoclasm_vaults_ligature,
          nicolae_vaults_display_case, nicolae_vaults_asterisk,
          layout_vaults_omnigrid, serial_shops, nicolae_shop_trees
Vaults:2: nicolae_vaults_holding_cells, vaults_room_fours,
          minmay_crypt_entry_nasty_monster, nicolae_vaults_what_the_h,
          v_misc_26, nicolae_vaults_alarming, nicolae_vaults_rhombus_6,
          vaults_room_door_ring, grunt_vaults_hallway_short,
          layout_vaults_big_room, uniq_margery
Vaults:3: ploomutoo_gammafunk_vaults_ghost_potion_laboratory,
          vaults_dpeg_diagonal, v_misc_18, nicolae_vaults_little_squares_3,
          hangedman_vaults_capsules, hangedman_vaults_impose,
          hangedman_vaults_slither, v_misc_1, nicolae_vaults_little_ls,
          hangedman_vaults_locks, hangedman_vaults_nodes,
          ontoclasm_vaults_idyll, vaults_mumra_lcd,
          nicolae_vaults_little_squares_5, grunt_vaults_hallway_short,
          layout_vaults_big_cross, serial_shops, bzr_firewalk, shop_fountains,
          shop_fountains
Vaults:4: v_misc_3, v_misc_12, v_misc_5, v_rooms_1, st_greater_box_2,
          nicolae_vaults_mini_display_case, vaults_room_grunt_arrival_ludios,
          layout_vaults_maze_snakey
Vaults:5: uniq_saint_roka
Depths:1: layout_gridlike, minmay_misc_feat_columns, grunt_hell_entry_dis_old,
          serial_shops, shop, chequers_serial_rivers_micro_a, drop_trap,
          minmay_misc_feat_iff, chequers_jeans, minmay_misc_feat_nine_boxes,
          st_stairs_6, grunt_decor_fettered, feat_on_display
Depths:2: lemuel_river_lethe, abyss_entry, hell_entry
Depths:3: minmay_the_grid_net [minmay_the_grid_outer_circle,
          minmay_the_grid_rooms, minmay_the_grid_odd_star, minmay_the_grid_airy,
          minmay_the_grid_large_cup, minmay_the_grid_prize_shrinking_boxes],
          layout_gridlike, enter_ziggurat_f, serial_shops, shop, hell_entry,
          rand_demon_pan_entry_1, uniq_frederick, uniq_bai_suzhen
Depths:4: minmay_connected_triangles_in_corner, layout_cave_pools,
          roderic_cross_of_infinity, pf_hell_entry_great_geh,
          minmay_room_of_horrors, minmay_protected_statue, uniq_mara
Depths:5: grunt_x_marks_the_spot, layout_long_grid, hell_entry, serial_shops,
          nicolae_shop_crystal, kennysheep_random_hallway, serial_bayou_shore_a
Zot:1:    gammafunk_sealed_arena, layout_basic
Zot:2:    layout_basic
Zot:3:    layout_basic
Zot:4:    gammafunk_its_a_trap, layout_misc_corridors
Zot:5:    layout_basic

Skill      XL: |  1  2  3  4  5  6  7  8  9 10 11 12 13 14 15 16 17 18 19 20 21 22 |
---------------+-------------------------------------------------------------------+-----
Fighting       | 3 4 5 6 7 8 9 10 11 12 13 14 15 16 17 18 | 18.0
Dodging        | 1 2 3 4 5 6 |  6.7
Axes           | 3 4 5 6 8 9 11 12 13 14 15 16 17 18 19 20 | 20.7
Invocations    | 1 2 3 4 6 7 8 10 11 12 14 15 16 18 19 20 21 | 21.6
Armour         | 4 5 6 7 8 9 10 11 12 13 14 15 | 15.6
Shields        | 4 5 6 7 8 10 12 13 14 15 16 17 18 19 | 19.9

Action                   |  1- 3 |  4- 6 |  7- 9 | 10-12 | 13-15 | 16-18 | 19-21 | 22-24 || total
-------------------------+-------+-------+-------+-------+-------+-------+-------+-------++-------
Melee: War axe           |    75 |    98 |   458 |   442 |       |       |       |       ||  1073
       Broad axe         |       |       |       |   694 |   990 |   963 |   977 |    90 ||  3714
       Headbutt          |       |       |       |   180 |   217 |   260 |   228 |    20 ||   905
Invok: Lesser Servant of |       |       |       |     5 |    14 |       |       |       ||    19
       Greater Servant o |       |       |       |       |    10 |     4 |     8 |     2 ||    24
 Abil: Heal Wounds       |       |     7 |    17 |    34 |    41 |     7 |    12 |       ||   118
Evoke: Wand              |       |       |       |     5 |     3 |       |     1 |     2 ||    11
  Use: Scroll            |       |       |    11 |    11 |    13 |     5 |    17 |       ||    57
       Potion            |       |       |       |     2 |     5 |     3 |     6 |     1 ||    17
 Stab: Confused          |       |       |       |     4 |     1 |     1 |       |       ||     6
       Distracted        |       |       |       |       |     7 |     4 |     1 |     1 ||    13
       Sleeping          |       |       |       |       |     1 |    28 |       |       ||    29
       Invisible         |       |       |       |       |       |     2 |     6 |       ||     8
  Eat: Chunk             |       |     1 |    10 |    24 |    20 |     4 |     5 |       ||    64
       Ration            |       |       |       |     4 |       |     2 |     4 |       ||    10
Armor: Scale mail        |    37 |    75 |    93 |       |       |       |       |       ||   205
       Chain mail        |       |       |   134 |   298 |       |       |       |       ||   432
       Plate armour      |       |       |       |    34 |   363 |       |   204 |       ||   601
       Crystal plate arm |       |       |       |       |   142 |   250 |    81 |       ||   473
       Storm dragon scal |       |       |       |       |       |       |    53 |    12 ||    65
Dodge: Dodged            |    26 |    68 |   211 |   277 |   222 |    74 |   200 |     6 ||  1084
Block: Kite shield       |    47 |    96 |   319 |   232 |       |       |       |       ||   694
       Tower shield      |       |       |       |   895 |  1723 |  1171 |  1264 |    78 ||  5131

Table legend:
 A = Non-vault XP
 B = Vault XP
 C = Vault XP percentage of total XP
 D = Non-vault monster count
 E = Vault monster count
 F = Vault count percentage of total count
                 A         B        C        D         E       F
            +---------+---------+-------+---------+---------+-------
      Total |  382313 |  373429 |  49.4 |     884 |     521 |  37.1
            +---------+---------+-------+---------+---------+-------
        D:1 |      12 |       0 |   0.0 |       7 |       0 |   0.0
        D:2 |      37 |      21 |  36.2 |       8 |       4 |  33.3
        D:3 |     386 |       0 |   0.0 |      26 |       0 |   0.0
        D:4 |     532 |     666 |  55.6 |      23 |      19 |  45.2
        D:5 |     703 |     249 |  26.2 |      18 |       3 |  14.3
        D:6 |     541 |       0 |   0.0 |      16 |       0 |   0.0
        D:7 |     558 |     413 |  42.5 |      10 |       3 |  23.1
        D:8 |    1737 |    4072 |  70.1 |      25 |      18 |  41.9
        D:9 |    2343 |       0 |   0.0 |      21 |       0 |   0.0
       D:10 |    3279 |    1716 |  34.4 |      39 |      62 |  61.4
       D:11 |    3173 |       0 |   0.0 |      28 |       0 |   0.0
       D:12 |    3924 |    3963 |  50.2 |      19 |      13 |  40.6
       D:13 |    5959 |    5241 |  46.8 |      39 |      12 |  23.5
       D:14 |   10213 |       0 |   0.0 |      31 |       0 |   0.0
       D:15 |   12074 |    4612 |  27.6 |      20 |       8 |  28.6
     Lair:1 |    2180 |     953 |  30.4 |       9 |       3 |  25.0
     Lair:2 |    3286 |    1013 |  23.6 |      15 |       1 |   6.2
     Lair:3 |    2895 |    2522 |  46.6 |      12 |       2 |  14.3
   Shoals:1 |    8910 |       0 |   0.0 |      18 |       0 |   0.0
   Shoals:2 |    1210 |       0 |   0.0 |       3 |       0 |   0.0
   Shoals:3 |    5303 |       0 |   0.0 |      13 |       0 |   0.0
   Shoals:4 |    6463 |    6505 |  50.2 |      23 |      12 |  34.3
   Spider:1 |   14978 |       0 |   0.0 |      54 |       0 |   0.0
   Spider:2 |     256 |       0 |   0.0 |       1 |       0 |   0.0
   Spider:3 |    4986 |       0 |   0.0 |      14 |       0 |   0.0
   Spider:4 |    9253 |   18196 |  66.3 |      29 |      52 |  64.2
      Orc:1 |    1320 |       0 |   0.0 |      18 |       0 |   0.0
      Orc:2 |    1955 |    4706 |  70.7 |      14 |      41 |  74.5
   Vaults:1 |   22936 |   18903 |  45.2 |      44 |      25 |  36.2
   Vaults:2 |   13974 |   16386 |  54.0 |      26 |      23 |  46.9
   Vaults:3 |    7634 |   13895 |  64.5 |      12 |      21 |  63.6
   Vaults:4 |   14362 |   21045 |  59.4 |      22 |      27 |  55.1
   Vaults:5 |   40076 |  110652 |  73.4 |      61 |      99 |  61.9
   Depths:1 |   18390 |     155 |   0.8 |      28 |       1 |   3.4
   Depths:2 |       0 |    8647 | 100.0 |       0 |      24 | 100.0
   Depths:3 |    6239 |    6488 |  51.0 |      10 |       2 |  16.7
   Depths:4 |   35552 |    7524 |  17.5 |      42 |       1 |   2.3
   Depths:5 |   10789 |   18266 |  62.9 |      15 |      10 |  40.0
      Zot:1 |   23185 |       0 |   0.0 |      16 |       0 |   0.0
      Zot:2 |   56345 |       0 |   0.0 |      37 |       0 |   0.0
      Zot:3 |    2247 |       0 |   0.0 |       1 |       0 |   0.0
      Zot:4 |    4477 |       0 |   0.0 |       4 |       0 |   0.0
      Zot:5 |   17641 |   93132 |  84.1 |      13 |      26 |  66.7
   Gauntlet |       0 |    3488 | 100.0 |       0 |       9 | 100.0
            +---------+---------+-------+---------+---------+-------
